 Dungeon Crawl Stone Soup version 0.24-a0-182-gc7eaa07895 (webtiles) character file.

Game seed: 8727198215032920661

83 MrRokkomies the Sneak (level 4, -2/31 HPs)
             Began as an Octopode Assassin on Mar 15, 2019.
             Killed from afar by an orc wizard (7 damage)
             ... with a magic dart
             ... on level 3 of the Dungeon.
             The game lasted 00:06:43 (1668 turns).

MrRokkomies the Sneak (Octopode Assassin)           Turns: 1668, Time: 00:06:44

Health: -2/31      AC:  3    Str: 10    XL:     4   Next: 44%
Magic:  4/4        EV: 13    Int: 13    God:
Gold:   72         SH:  0    Dex: 16    Spells: 3/3 levels left

rFire    . . .     SeeInvis .   a - +0 rapier
rCold    . . .     Gourm    .   (no shield)
rNeg     . . .     Faith    +   (helmet restricted)
rPois    .         Spirit   .   j - amulet of faith
rElec    .         Reflect  .   i - ring of resist corrosion
rCorr    +         Harm     .   s - ring of flight
MR       .....                  (no ring)
Stlth    ++++......             (no ring)
HPRegen  0.10/turn              (no ring)
MPRegen  0.09/turn              (no ring)
                                (no ring)
                                (no ring)

@: lethally poisoned (-2 -> -5), hasted, very quick
A: almost no armour, stealthy swim, amphibious, 8 rings, constrict 8, icy blue
scales 1, camouflage 1, agile 1, blink, wild magic 1, gelatinous body 1
a: Blink, Evoke Flight


You were on level 3 of the Dungeon.
You were not hungry.

You visited 1 branch of the dungeon, and saw 3 of its levels.

You collected 72 gold pieces.

Inventory:

Hand Weapons
 a - a +0 rapier (weapon)
 b - a +0 blowgun
 r - a +2 dagger
Missiles
 c - 8 poisoned needles
 d - 2 curare-tipped needles
 g - 94 stones (quivered)
 t - 4 tomahawks of returning
Jewellery
 i - a ring of resist corrosion (left tentacle)
 j - an amulet of faith (around mantle)
 s - a ring of flight (right tentacle)
Scrolls
 o - a scroll of magic mapping
 q - a scroll of teleportation
Comestibles
 f - 8 rations


   Skills:
 * Level 3.4 Fighting
 - Level 2.0 Short Blades
 * Level 3.4 Throwing
 - Level 1.0 Dodging
 - Level 5.3 Stealth


You had 3 spell levels left.
You didn't know any spells.
Your spell library was empty.

Dungeon Overview and Level Annotations

Branches:
Dungeon (3/15)

Altars:
Makhleb


Innate Abilities, Weirdness & Mutations

You cannot wear most types of armour.
You are very stealthy in the water. (Stealth+)
You are amphibious.
You can wear up to eight rings at the same time.
You can use your tentacles to constrict eight enemies at once.
Your skin changes colour to match your surroundings (Stealth+).
Your rubbery body absorbs attacks. (AC +1, EV +1)
You are partially covered in icy blue scales. (AC +2)
You are agile. (Dex +2)
You can translocate small distances at will.
Your spells are a little harder to cast, but a little more powerful.


Message History

The orc wizard seems to speed up.
The adder barely misses you.
You hit the orc wizard. Your grab misses the orc wizard.
The orc wizard is moderately wounded.
The orc wizard hits you but does no damage.
The orc misses you. The adder misses you.
The orc wizard gestures at you while chanting.
The puff of flame hits you! The orc hits you with a +0 dagger.
* * * LOW HITPOINT WARNING * * *
It was a potion of haste.
You feel yourself speed up. The adder closely misses you.
The orc wizard barely misses you. The orc barely misses you.
The orc wizard hits you with a +0 dagger.
* * * LOW HITPOINT WARNING * * *
The adder closely misses you.
You feel sick.
Things that are here:
a cursed -2 flail; a +0 chain mail; an orc corpse The orc wizard casts a spell at you.
The magic dart hits you!
You die...

#.#$. .#..##
....# #.# #...#
#.#.#...##
....#.... #
#.....#######
.#.#.#......<..#
........@#######
.......).#
.#...#oo.# #..
#.S## .S #).#
#..# ...# .....
.##.##


You could see an orc wizard, an adder and an orc.

Vanquished Creatures
  A hound (D:2)
  2 adders (D:2)
  A worm (D:2)
  A dart slug (D:1)
  A leopard gecko (D:1)
  3 orcs (D:3)
  3 goblins
  2 jackals (D:2)
  3 kobolds
  2 quokkas (D:2)
  2 bats (D:2)
  2 frilled lizards
  6 rats
29 creatures vanquished.

Notes
Turn   | Place    | Note
-------+----------+-------------------------------------------
     0 | D:1      | MrRokkomies the Octopode Assassin began the quest for the
                  | Orb.
     0 | D:1      | Reached XP level 1. HP: 14/14 MP: 1/1
   249 | D:1      | Reached XP level 2. HP: 20/20 MP: 2/2
  1217 | D:2      | Reached XP level 3. HP: 16/25 MP: 3/3
  1335 | D:2      | Found a burning altar of Makhleb.
  1372 | D:2      | Reached XP level 4. HP: 22/31 MP: 4/4
  1434 | D:2      | Gained mutation: You can translocate small distances at
                  | will. [potion of mutation]
  1434 | D:2      | Gained mutation: You are agile. (Dex +2) [potion of
                  | mutation]
  1434 | D:2      | Gained mutation: You are partially covered in icy blue
                  | scales. (AC +2) [potion of mutation]
  1434 | D:2      | Gained mutation: Your spells are a little harder to cast,
                  | but a little more powerful. [potion of mutation]
  1668 | D:3      | Killed from afar by an orc wizard

Levels and vault maps discovered:
D:1:      minmay_arrival_radiant_lines, layout_basic
D:2:      layout_loops_ring, makhleb_heckhound_becter
D:3:      layout_basic, chequers_ecumenical_altar_twisty

Skill      XL: |  1  2  3 |
---------------+----------+-----
Fighting       | 3 |  3.4
Throwing       | 3 |  3.4
Short Blades   | |  2.0
Dodging        | |  1.0
Stealth        | |  5.3

Action                   |  1- 3 |  4- 6 || total
-------------------------+-------+-------++-------
Melee: Dagger            |    30 |       ||    30
       Constrict         |     9 |     1 ||    10
       Tentacles         |     4 |     1 ||     5
       Rapier            |     9 |    11 ||    20
Throw: Stone             |    19 |       ||    19
       Tomahawk          |     1 |       ||     1
  Use: Scroll            |       |     7 ||     7
       Potion            |       |     2 ||     2
 Stab: Sleeping          |     9 |     4 ||    13
  Eat: Chunk             |     1 |     1 ||     2
Armor: Skin              |     2 |     5 ||     7
Dodge: Dodged            |    19 |    10 ||    29

Table legend:
 A = Non-vault XP
 B = Vault XP
 C = Vault XP percentage of total XP
 D = Non-vault monster count
 E = Vault monster count
 F = Vault count percentage of total count
                 A         B        C        D         E       F
            +---------+---------+-------+---------+---------+-------
      Total |      76 |      43 |  36.1 |      28 |       1 |   3.4
            +---------+---------+-------+---------+---------+-------
        D:1 |      19 |       0 |   0.0 |      11 |       0 |   0.0
        D:2 |      48 |      43 |  47.3 |      14 |       1 |   6.7
        D:3 |       9 |       0 |   0.0 |       3 |       0 |   0.0
            +---------+---------+-------+---------+---------+-------
